 Dungeon Crawl Stone Soup version 0.27-a0-604-g29a88b33a7 (webtiles) character file.

Game seed: 7404793862859937417

148579 spiderkeys the Lord of Darkness (level 17, -2/131 HPs)
             Began as a Gnoll Necromancer on Mar 12, 2021.
             Was the Champion of Kikubaaqudgha.
             Killed from afar by Aizul (38 damage)
             ... with a bolt of poison
             ... on level 4 of the Spider Nest on Mar 13, 2021.
             The game lasted 02:06:10 (32861 turns).

spiderkeys the Lord of Darkness (GnNe)             Turns: 32861, Time: 02:06:11

Health: -2/131     AC: 21    Str: 19 (20) XL:     17   Next: 49%
Magic:  13/42      EV: 22    Int: 21 (24) God:    Kikubaaqudgha [******]
Gold:   2161       SH:  7    Dex: 15 (16) Spells: 4/40 levels left

rFire    . . .     SeeInvis .   I - +10 mace of Forced Transition {vorpal, rElec Str+4 Int+4}
rCold    . . .     Faith    .   j - +0 buckler
rNeg     . . .     Spirit   .   x - +2 troll leather armour {Purgy}
rPois    .         Reflect  .   S - +2 hat
rElec    +         Harm     .   R - +2 cloak
rCorr    .         Rampage  .   b - +3 pair of gauntlets of War {Slay+5}
Will     +....                  D - +2 pair of boots {Stlth+}
Stlth    +++++++...             J - amulet "Ycaxkamu" {RegenMP MP+9 Str+3 Dex-4 Slay+6}
HPRegen  1.31/turn              B - +4 ring of evasion
MPRegen  0.53/turn              y - ring "Onwypus" {Str+5 Dex+6 Stlth+}

@: lethally poisoned (-2 -> -42)
A: fangs 1, strong nose, distributed training
a: Renounce Religion, Receive Corpses, Torment, Brand Weapon With Pain, Receive
Necronomicon


You were on level 4 of the Spider Nest.
You worshipped Kikubaaqudgha.
Kikubaaqudgha was exalted by your worship.
You visited 5 branches of the dungeon, and saw 28 of its levels.
You also visited: Sewer, Bailey, Gauntlet and Volcano.

You collected 3942 gold pieces.
You spent 1781 gold pieces at shops.

Inventory:

Hand Weapons
 C - a +4 quarterstaff of chaos
 G - a +3 war axe of pain
 I - the +10 mace of Forced Transition (weapon) {vorpal, rElec Str+4 Int+4}
   (You found it on level 12 of the Dungeon)

   It inflicts extra damage upon your enemies.
   It affects your strength (+4).
   It affects your intelligence (+4).
   It insulates you from electricity.
Missiles
 E - 3 silver javelins
 K - 37 javelins
 P - 12 curare-tipped darts
 Q - 40 poisoned darts
 X - 6 atropa-tipped darts
Armour
 b - the +3 pair of gauntlets of War (worn) {Slay+5}
   (You found it in a Gauntlet)

   It affects your accuracy and damage with ranged weapons and melee attacks
   (+5).
 j - a +0 buckler (worn)
 x - a +2 troll leather armour (worn) {Purgy}
 D - a +2 pair of boots of stealth (worn)
 R - a +2 cloak (worn)
 S - a +2 hat (worn)
Jewellery
 y - the ring "Onwypus" (left hand) {Str+5 Dex+6 Stlth+}
   (You found it on level 4 of the Dungeon)

   [ring of dexterity]

   It affects your strength (+5).
   It affects your dexterity (+6).
   It makes you more stealthy.
 B - a +4 ring of evasion (right hand)
 J - the amulet "Ycaxkamu" (around neck) {RegenMP MP+9 Str+3 Dex-4 Slay+6}
   (You acquired it on level 10 of the Dungeon)

   [amulet of magic regeneration]

   It increases your magic regeneration.
   It affects your strength (+3).
   It affects your dexterity (-4).
   It affects your accuracy and damage with ranged weapons and melee attacks
   (+6).
   It affects your magic capacity (+9).
 N - a ring of wizardry
 U - a ring of willpower
 Z - a ring of magical power
Wands
 a - a wand of iceblast (8)
 f - a wand of acid (15)
 w - a wand of flame (59)
 z - a wand of digging (29)
 L - a wand of polymorph (11)
 M - a wand of paralysis (19)
Scrolls
 e - 11 scrolls of teleportation
 h - 6 scrolls of amnesia
 i - a scroll of enchant armour
 l - 4 scrolls of enchant weapon
 t - 3 scrolls of magic mapping
 A - a scroll of fog
 H - 3 scrolls of blinking
 O - 12 scrolls of identify
 W - a scroll of vulnerability
Potions
 d - 7 potions of flight
 g - 6 potions of mutation
 m - 3 potions of cancellation
 n - 2 potions of berserk rage
 o - 2 potions of invisibility
 p - a potion of resistance
 q - 9 potions of curing
 r - 5 potions of brilliance
 s - 5 potions of magic
 u - 2 potions of ambrosia
 v - 2 potions of lignification
 F - 2 potions of might
 T - 2 potions of haste
 V - 8 potions of heal wounds
Miscellaneous
 c - a box of beasts
 k - a tin of tremorstones (2/2)
 Y - a phantom mirror


   Skills:
 + Level 11.5 Fighting
 + Level 11.5 Short Blades
 + Level 11.5 Long Blades
 + Level 11.5 Axes
 + Level 11.5 Maces & Flails
 + Level 11.5 Polearms
 + Level 11.5 Staves
 + Level 11.5 Slings
 + Level 11.5 Bows
 + Level 11.5 Crossbows
 + Level 11.5 Throwing
 + Level 11.5 Armour
 + Level 12.3 Dodging
 + Level 12.2 Stealth
 + Level 11.5 Shields
 + Level 11.5 Unarmed Combat
 + Level 12.4 Spellcasting
 + Level 9.8 Conjurations
 + Level 9.8 Hexes
 + Level 9.8 Summonings
 + Level 11.9 Necromancy
 + Level 9.8 Translocations
 + Level 9.8 Transmutations
 + Level 9.8 Fire Magic
 + Level 9.8 Ice Magic
 + Level 9.8 Air Magic
 + Level 9.8 Earth Magic
 + Level 9.8 Poison Magic
 + Level 12.4 Invocations
 + Level 11.5 Evocations


You had 4 spell levels left.
You knew the following spells:

 Your Spells              Type           Power      Damage    Failure   Level
a - Pain                  Necr           100%       1d9       1%          1
b - Vampiric Draining     Necr           29%        2d10      1%          3
c - Animate Dead          Necr           29%        N/A       1%          4
d - Dispel Undead         Necr           58%        3d21      1%          4
e - Sublimation of Blood  Necr           29%        N/A       1%          2
f - Dazzling Flash        Conj/Hex       100%       N/A       1%          3
g - Borgnjor's Vile Clut  Necr/Erth      28%        N/A       1%          5
h - Agony                 Necr           58%        N/A       1%          5
i - Fireball              Conj/Fire      26%        3d12      2%          5
j - Iskenderun's Mystic   Conj/Tloc      53%        2d11      1%          4

Your spell library contained the following spells:

 Spells                   Type           Power      Damage    Failure   Level
 Animate Skeleton         Necr           100%       N/A       1%          1
 Corona                   Hex            58%        N/A       1%          1
 Foxfire                  Conj/Fire      100%       2x1d9     1%          1
 Freeze                   Ice            100%       1d11      1%          1
 Magic Dart               Conj           100%       1d8       1%          1
 Blink                    Tloc           N/A        N/A       1%          2
 Call Imp                 Summ           53%        N/A       1%          2
 Poisonous Vapours        Pois/Air       100%       N/A       1%          2
 Searing Ray              Conj           100%       3d7       1%          2
 Slow                     Hex            53%        N/A       1%          2
 Confusing Touch          Hex            53%        N/A       1%          3
 Conjure Flame            Conj/Fire      53%        6-21      1%          3
 Frozen Ramparts          Ice            100%       1d12      1%          3
 Gell's Gravitas          Tloc           26%        N/A       1%          3
 Inner Flame              Hex/Fire       53%        N/A       1%          3
 Mephitic Cloud           Conj/Pois/Air  53%        N/A       1%          3
 Ozocubu's Armour         Ice            53%        N/A       1%          3
 Portal Projectile        Hex/Tloc       100%       N/A       1%          3
 Cause Fear               Hex            26%        N/A       1%          4
 Fulminant Prism          Conj/Hex       26%        3d14      1%          4
 Hailstorm                Conj/Ice       53%        3d12      1%          4
 Leda's Liquefaction      Hex/Erth       26%        N/A       1%          4
 Petrify                  Tmut/Erth      53%        N/A       1%          4
 Sticky Flame             Conj/Fire      53%        2d7       1%          4
 Summon Ice Beast         Ice/Summ       53%        N/A       1%          4
 Irradiate                Conj/Tmut      26%        3d22      2%          5
 Metabolic Englaciation   Hex/Ice        26%        N/A       2%          5
 Yara's Violent Unravell  Hex/Tmut       26%        3d11      2%          5
 Death Channel            Necr           29%        N/A       6%          6
 Freezing Cloud           Conj/Ice/Air   26%        6-21      14%         6
 Hydra Form               Tmut           26%        N/A       14%         6
 Starburst                Conj/Fire      26%        8x6d8     14%         6
 Statue Form              Tmut/Erth      35%        N/A       14%         6
 Dragon Form              Tmut           26%        N/A       63%         7
 Orb of Destruction       Conj           26%        9d11      63%         7


Dungeon Overview and Level Annotations

Branches:
Dungeon (15/15)            Temple (1/1) D:4            Lair (6/6) D:8
 Shoals (0/4) Lair:4       Spider (4/4) Lair:2        Slime (0/5) Lair:6
    Orc (2/2) D:11            Elf (0/3) Orc:2        Vaults (0/5) D:13
 Depths (0/5) D:15          Sewer (visited)          Bailey (visited)
Volcano (visited)         Gauntlet (visited)

Altars:
Ashenzari
Cheibriados
Dithmenos
Elyvilon
Fedhas
Gozag
Hepliaklqana
Kikubaaqudgha
Makhleb
Nemelex Xobeh
Okawaru
Qazlal
Ru
Sif Muna
Trog
Uskayaw
Vehumet
Wu Jian
Xom
Yredelemnul
Zin
The Shining One
Beogh

Shops:
D:7 [   D:8 ?   D:10 =   D:12 [   D:14 =   D:15 *   Orc:2 *[*(

Annotations:
Spider:4 Aizul


Innate Abilities, Weirdness & Mutations

You have very sharp teeth.
Your uncanny sense of smell can sniff out nearby items.
Your experience applies equally to all skills.


Message History

You draw life force from Aizul!
You feel life coursing into your body.
You feel sick. Aizul completely misses you. Aizul casts a spell at you.
The bolt of poison hits you!!
You are more poisoned.
Unknown command.
Casting: Vampiric Draining (safe; 1% risk of failure)
Confirm with . or Enter, or press ? or * to list all spells.
Aiming: Vampiric Draining (safe; 1% risk of failure)
Press: ? - help, Shift-Dir - straight line, f/p - Aizul
Aim: Aizul (almost dead)
You draw life force from Aizul!
You feel life coursing into your body.
You feel very sick. You block Aizul's attack.
Casting: Vampiric Draining (safe; 1% risk of failure)
Confirm with . or Enter, or press ? or * to list all spells.
Aiming: Vampiric Draining (safe; 1% risk of failure)
Press: ? - help, Shift-Dir - straight line, f/p - Aizul
Aim: Aizul (almost dead)
You draw life force from Aizul.
You feel life coursing into your body.
You feel very sick. Aizul casts a spell at you. The poison arrow hits you!!!
You are more poisoned.
* * * LOW HITPOINT WARNING * * *
Aizul hits you.
* * * LOW HITPOINT WARNING * * *
Unknown command.
Casting: Vampiric Draining (safe; 1% risk of failure)
Confirm with . or Enter, or press ? or * to list all spells.
Aiming: Vampiric Draining (safe; 1% risk of failure)
Press: ? - help, Shift-Dir - straight line, f/p - Aizul
Aim: Aizul (almost dead)
You draw life force from Aizul!
You feel life coursing into your body.
You feel very sick.
Aizul coils herself and waves her upper body at you.
The bolt of poison hits you!!!
You are lethally poisoned!
You die...
Kikubaaqudgha rasps: "You have failed me!
Welcome... death!"

#...........#,,,
####........^.##,,,
##.^#........###*,,,
##...........^#,,(,,,
###...........###,S(,,,
#.....##^.#####,*...,,,
#....######.###,...^***
##....####....#.....,^*
#.....@#............,**
#......S.^##...#....**
##........##..##^*,.*
#####.#..##.##******
###..#### ####


You could see Aizul.

Vanquished Creatures
  Arachne (Spider:2)
  Gastronok (Lair:1)
  A sphinx (shapeshifter) (D:15)
  Kirke (D:13)
  The ghost of Sekkong the Warrior, a journeyman MiBe of Trog (D:15)
  Roxanne (Spider:4)
  A ghost moth (Spider:3)
  The ghost of Eteoggu the Protected, a journeyman FoFi of Cheibriados (D:14)
  3 dire elephants (Lair:6)
  5 entropy weavers
  The ghost of robertstho the Whirler, a journeyman HaHu of Okawaru (Lair:3)
  2 minotaurs
  Snorg (Lair:4)
  A fire dragon (Volcano)
  7 vault guards (D:13)
  A boulder beetle (Spider:3)
  Erolcha (D:13)
  3 centaur warriors
  An ogre mage (D:14)
  5 hydras
  A catoblepas (Lair:6)
  An anaconda (Lair:6)
  9 two-headed ogres
  6 death yaks
  A queen ant (Spider:3)
  2 death scarabs (Gauntlet)
  A hell hog (Volcano)
  4 orc high priests (Orc:2)
  A tengu warrior (D:14)
  Sonja (D:13)
  A deep troll earth mage (D:12)
  A fire crab (Gauntlet)
  2 skeletal warriors (D:15)
  A sixfirhy (Gauntlet)
  A spark wasp zombie (D:15)
  A spectral death yak (Gauntlet)
  2 unseen horrors
  A flayed ghost (D:15)
  A phantasmal warrior (D:15)
  An obsidian statue (D:15)
  2 necromancers
  4 orc knights
  Pikel (D:9)
  2 deep elf pyromancers
  5 orc sorcerers
  A harpy (shapeshifter) (D:11)
  13 wolf spiders
  13 orb spiders
  A wolf spider zombie (D:15)
  3 manticores
  A spectral boulder beetle (Gauntlet)
  A spriggan zombie (D:15)
  12 ugly things
  3 cyclopes
  A salamander (shapeshifter) (D:13)
  8 elephants
  5 black mambas
  2 centaur zombies (D:15)
  A frost giant skeleton (D:15)
  A torpor snail (Lair:4)
  13 cane toads
  A freezing wraith (D:14)
  A komodo dragon (shapeshifter) (D:14)
  4 kobold demonologists
  8 komodo dragons
  4 rime drakes
  9 demonic crawlers
  A harpy zombie (D:15)
  10 trolls
  23 jumping spiders
  2 meliai (Spider:3)
  A tyrant leech (shapeshifter) (D:15)
  A hornet (D:15)
  11 blink frogs
  2 polar bears
  6 slime creatures (D:12)
  A centaur simulacrum (D:15)
  A wraith (D:15)
  20 yaks
  A vampire (D:13)
  50 redbacks
  18 tarantellas
  A fire dragon skeleton (D:15)
  Sigmund (D:2)
  2 wyverns
  3 fire bats (Orc:2)
  5 basilisks
  2 steam dragons
  2 hogs (D:13)
  A vampire mosquito (D:12)
  A swamp worm (shapeshifter) (D:15)
  A warg (Orc:1)
  Edmund (D:4)
  An acid dragon (D:12)
  2 hell hounds (Volcano)
  18 soldier ants (Spider:3)
  Duvessa (D:4)
  15 water moccasins
  38 orc warriors
  Purgy (D:4)
  3 sky beasts
  2 black bears
  A necrophage (D:10)
  13 ogres
  13 ice beasts
  14 centaurs
  12 wolves
  A lemure (D:9)
  A phantom (D:5)
  4 kobold brigands
  16 bullfrogs
  2 gnoll sergeants
  Dowan (D:4)
  6 scorpions
  5 killer bees (D:13)
  19 wights
  5 howler monkeys
  6 electric eels
  A bullfrog zombie (D:6)
  5 hounds
  2 jellies
  28 orc priests
  Crazy Yiuf (D:4)
  3 centaur skeletons
  3 bullfrog skeletons
  26 orc wizards
  Ijyb (D:5)
  Natasha (thrice) (D:2)
  Terence (D:2)
  34 worker ants
  An iguana (D:12)
  4 polar bear simulacra (Lair:4)
  2 yak simulacra (Lair:4)
  A wolf simulacrum (Lair:4)
  A hound zombie (D:11)
  A hound skeleton (D:6)
  Robin (D:2)
  14 gnolls
  14 adders
  7 river rats
  2 shadow imps
  5 white imps
  4 ufetubi
  2 adder skeletons
  An adder zombie (D:5)
  A worm (D:3)
  A dart slug (D:3)
  2 leopard geckos
  84 orcs
  2 bats (D:1)
  6 giant cockroaches
  19 goblins
  15 hobgoblins
  12 jackals
  16 kobolds
  4 quokkas
  6 ball pythons
  8 frilled lizards
  A jackal zombie (D:6)
  A leopard gecko skeleton (D:8)
  7 rats
  4 river rat simulacra (Lair:4)
923 creatures vanquished.

Vanquished Creatures (collateral kills)
  An emperor scorpion (Spider:2)
  An entropy weaver (Spider:2)
  A dire elephant (Lair:6)
  A death yak (Lair:6)
  A wolf spider (Spider:2)
  2 jumping spiders
  A meliai (Spider:2)
  2 spectral black mambas (Gauntlet)
  4 redbacks
  A yak (Lair:6)
  4 fire bats (Gauntlet)
  3 orc priests
  2 worker ants (Spider:3)
  An orc (Orc:2)
  A hobgoblin (Bailey)
26 creatures vanquished.

Vanquished Creatures (others)
  A vault guard (D:13)
  4 humans (D:13)
  A jumping spider (Spider:2)
  A bullfrog skeleton (D:13)
  58 bushes (D:14)
  30 fungi
  60 plants
155 creatures vanquished.

Grand Total: 1104 creatures vanquished

Notes
Turn   | Place    | Note
-------+----------+-------------------------------------------
     0 | D:1      | spiderkeys the Gnoll Necromancer began the quest for the
                  | Orb.
     0 | D:1      | Reached XP level 1. HP: 13/13 MP: 6/6
   460 | D:1      | Reached XP level 2. HP: 16/19 MP: 4/7
   961 | D:2      | Noticed Sigmund
   968 | D:2      | Killed Sigmund
   969 | D:2      | Reached skill level 1 in Fighting
   969 | D:2      | Reached skill level 1 in Short Blades
   969 | D:2      | Reached skill level 1 in Long Blades
   969 | D:2      | Reached skill level 1 in Axes
   969 | D:2      | Reached skill level 1 in Maces & Flails
   969 | D:2      | Reached skill level 1 in Polearms
   969 | D:2      | Reached skill level 1 in Staves
   969 | D:2      | Reached skill level 1 in Slings
   969 | D:2      | Reached skill level 1 in Bows
   969 | D:2      | Reached skill level 1 in Crossbows
   969 | D:2      | Reached skill level 1 in Throwing
   969 | D:2      | Reached skill level 1 in Armour
   969 | D:2      | Reached skill level 1 in Shields
   969 | D:2      | Reached skill level 1 in Unarmed Combat
   969 | D:2      | Reached skill level 5 in Spellcasting
   969 | D:2      | Reached skill level 1 in Conjurations
   969 | D:2      | Reached skill level 1 in Hexes
   969 | D:2      | Reached skill level 1 in Summonings
   969 | D:2      | Reached skill level 1 in Translocations
   969 | D:2      | Reached skill level 1 in Transmutations
   969 | D:2      | Reached skill level 1 in Fire Magic
   969 | D:2      | Reached skill level 1 in Ice Magic
   969 | D:2      | Reached skill level 1 in Air Magic
   969 | D:2      | Reached skill level 1 in Earth Magic
   969 | D:2      | Reached skill level 1 in Poison Magic
   969 | D:2      | Reached skill level 1 in Invocations
   969 | D:2      | Reached skill level 1 in Evocations
   969 | D:2      | Reached XP level 3. HP: 3/26 MP: 0/9
   969 | D:2      | Reached XP level 4. HP: 4/32 MP: 0/11
   969 | D:2      | Reached XP level 5. HP: 5/37 MP: 0/12
  1364 | D:2      | Found a faded altar of an unknown god.
  1888 | D:2      | Noticed Natasha
  1895 | D:2      | Killed Natasha
  1896 | D:2      | Reached XP level 6. HP: 44/44 MP: 13/13
  1956 | D:2      | Noticed Natasha
  1962 | D:2      | Killed Natasha
  1970 | D:2      | Noticed Natasha
  1983 | D:2      | Killed Natasha
  2043 | D:2      | Learned a level 3 spell: Vampiric Draining
  2048 | D:2      | Learned a level 4 spell: Animate Dead
  2131 | D:2      | Noticed Terence
  2136 | D:2      | Noticed Robin
  2148 | D:2      | Killed Terence
  2149 | D:2      | Reached skill level 5 in Dodging
  2164 | D:2      | Killed Robin
  2603 | D:3      | Found a sacrificial altar of Ru.
  2696 | D:3      | Found a glowing drain.
  2840 | Sewer    | Entered a sewer
  3395 | Sewer    | Reached XP level 7. HP: 47/50 MP: 10/15
  4702 | D:4      | Noticed Purgy
  4918 | D:4      | Killed Purgy
  4919 | D:4      | Reached skill level 5 in Stealth
  5093 | D:4      | Identified the ring "Onwypus" {Str+5 Dex+6 Stlth+}
  5147 | D:4      | Noticed Dowan
  5157 | D:4      | Noticed Duvessa
  5158 | D:4      | Found a staircase to the Ecumenical Temple.
  5173 | D:4      | Killed Duvessa
  5178 | D:4      | Killed Dowan
  5179 | D:4      | Reached XP level 8. HP: 44/57 MP: 1/16
  5376 | D:4      | Found a glowing golden altar of the Shining One.
  5538 | Temple   | Entered the Ecumenical Temple
  5754 | Temple   | Became a worshipper of Kikubaaqudgha
  5939 | D:4      | Noticed Edmund
  5945 | D:4      | Killed Edmund
  6119 | D:4      | Found a runed translucent door.
  6120 | D:4      | Noticed Crazy Yiuf
  6343 | D:4      | Killed Crazy Yiuf
  6424 | D:5      | Entered Level 5 of the Dungeon
  6501 | D:5      | Noticed Ijyb
  6511 | D:5      | Killed Ijyb
  7553 | D:5      | Reached XP level 9. HP: 65/65 MP: 18/18
  7693 | D:6      | Reached * piety under Kikubaaqudgha
  7693 | D:6      | Identified Kikubaaqudgha's Catalogue of Unholy Magic
                  | (Kikubaaqudgha gifted it to you on level 6 of the Dungeon)
  7693 | D:6      | Received a gift from Kikubaaqudgha
  8219 | D:6      | Found a radiant altar of Vehumet.
  8658 | D:6      | Found a hazy altar of Hepliaklqana.
  8868 | D:7      | Found a white marble altar of Elyvilon.
  8868 | D:7      | Identified the Volume of Attacks
  8926 | D:7      | Found a broken altar of Ashenzari.
  9001 | D:7      | Noticed a troll
  9011 | D:7      | Killed a troll
  9317 | D:7      | Found Ilepp's Antique Armour Emporium.
  9332 | D:7      | Reached skill level 5 in Invocations
  9947 | D:8      | Noticed a komodo dragon
  9961 | D:8      | Killed a komodo dragon
  9962 | D:8      | Reached XP level 10. HP: 56/73 MP: 12/20
 10078 | D:8      | Found a staircase to the Lair.
 10151 | D:8      | Reached skill level 5 in Fighting
 10151 | D:8      | Reached skill level 5 in Short Blades
 10151 | D:8      | Reached skill level 5 in Long Blades
 10151 | D:8      | Reached skill level 5 in Axes
 10151 | D:8      | Reached skill level 5 in Maces & Flails
 10151 | D:8      | Reached skill level 5 in Polearms
 10151 | D:8      | Reached skill level 5 in Staves
 10151 | D:8      | Reached skill level 5 in Slings
 10151 | D:8      | Reached skill level 5 in Bows
 10151 | D:8      | Reached skill level 5 in Crossbows
 10151 | D:8      | Reached skill level 5 in Throwing
 10151 | D:8      | Reached skill level 5 in Armour
 10151 | D:8      | Reached skill level 5 in Shields
 10151 | D:8      | Reached skill level 5 in Unarmed Combat
 10151 | D:8      | Reached skill level 5 in Evocations
 10228 | D:8      | Found Erya's Magic Scroll Shoppe.
 10233 | D:8      | Bought a scroll of blinking for 90 gold pieces
 10233 | D:8      | Bought a scroll of enchant weapon for 90 gold pieces
 10312 | D:8      | Reached ** piety under Kikubaaqudgha
 10717 | D:9      | Noticed Pikel
 10730 | D:9      | Killed Pikel
 10740 | D:9      | Noticed a two-headed ogre
 10748 | D:9      | Killed a two-headed ogre
 10762 | D:9      | Found a flagged portal.
 10768 | Bailey   | Entered a bailey
 10934 | Bailey   | Found an iron altar of Okawaru.
 10934 | Bailey   | Noticed an orc sorcerer
 10934 | Bailey   | Noticed an orc sorcerer
 10949 | Bailey   | Noticed an orange demon
 10953 | Bailey   | Noticed a smoke demon
 10953 | Bailey   | Killed an orc sorcerer
 10958 | Bailey   | Killed an orc sorcerer
 11049 | Bailey   | Noticed an orc knight
 11071 | Bailey   | Killed an orc knight
 11072 | Bailey   | Reached XP level 11. HP: 48/81 MP: 14/22
 11075 | Bailey   | Reached *** piety under Kikubaaqudgha
 11075 | Bailey   | Identified Kikubaaqudgha's Handbook of Sinister Rituals
                  | (Kikubaaqudgha gifted it to you in a bailey)
 11075 | Bailey   | Received a gift from Kikubaaqudgha
 11088 | Bailey   | Learned a level 4 spell: Dispel Undead
 11091 | Bailey   | Learned a level 2 spell: Sublimation of Blood
 11300 | Bailey   | Noticed an orc knight
 11313 | Bailey   | Killed an orc knight
 11314 | Bailey   | Reached skill level 5 in Conjurations
 11314 | Bailey   | Reached skill level 5 in Hexes
 11314 | Bailey   | Reached skill level 5 in Summonings
 11314 | Bailey   | Reached skill level 5 in Translocations
 11314 | Bailey   | Reached skill level 5 in Transmutations
 11314 | Bailey   | Reached skill level 5 in Fire Magic
 11314 | Bailey   | Reached skill level 5 in Ice Magic
 11314 | Bailey   | Reached skill level 5 in Air Magic
 11314 | Bailey   | Reached skill level 5 in Earth Magic
 11314 | Bailey   | Reached skill level 5 in Poison Magic
 11963 | D:9      | Noticed a two-headed ogre
 11972 | D:9      | Killed a two-headed ogre
 12308 | D:9      | Acquired a +1 pair of boots of stealth
 12545 | D:10     | Entered Level 10 of the Dungeon
 12563 | D:10     | Found Wuqopsot's Jewellery Boutique.
 12767 | D:10     | Reached **** piety under Kikubaaqudgha
 13114 | D:10     | Acquired the amulet "Ycaxkamu" {RegenMP MP+9 Str+3 Dex-4
                  | Slay+6}
 13297 | D:11     | Found a staircase to the Orcish Mines.
 13300 | D:11     | Noticed a two-headed ogre
 13313 | D:11     | Killed a two-headed ogre
 13630 | D:11     | Noticed a cyclops
 13641 | D:11     | Killed a cyclops
 13891 | D:11     | Identified the +3 chain mail "Ygist" {Harm rC- Dex+3}
 13902 | D:11     | Noticed a manticore
 13911 | D:11     | Killed a manticore
 13912 | D:11     | Reached XP level 12. HP: 57/89 MP: 24/24
 13998 | Orc:1    | Entered Level 1 of the Orcish Mines
 14287 | Orc:2    | Entered Level 2 of the Orcish Mines
 14287 | Orc:2    | Found a staircase to the Elven Halls.
 14353 | Orc:2    | Found a dark tunnel.
 14371 | Volcano  | Entered a volcano
 14467 | Volcano  | Noticed a fire dragon
 14481 | Volcano  | Killed a fire dragon
 14550 | Volcano  | Noticed a hell hog
 14565 | Volcano  | Killed a hell hog
 14650 | Orc:2    | Noticed an orc high priest
 14655 | Orc:2    | Noticed a soul eater
 14656 | Orc:2    | Reached ***** piety under Kikubaaqudgha
 14659 | Orc:2    | Noticed an orc high priest
 14663 | Orc:2    | Killed an orc high priest
 14669 | Orc:2    | Killed an orc high priest
 14670 | Orc:2    | Noticed an orc high priest
 14684 | Orc:2    | Killed an orc high priest
 14716 | Orc:2    | Noticed an orc high priest
 14718 | Orc:2    | Noticed a soul eater
 14747 | Orc:2    | Found Xokut's Assorted Antiques.
 14747 | Orc:2    | Found Fiufeah's Antique Weapon Shoppe.
 14747 | Orc:2    | Found Jenudiuph's General Store.
 14747 | Orc:2    | Found Teics's Armour Emporium.
 14875 | Orc:2    | Killed an orc high priest
 14965 | Orc:2    | HP: 2/92 [orc warrior/+2 halberd of protection[an orc
                  | knight] (25)]
 15705 | Orc:2    | Reached XP level 13. HP: 98/98 MP: 13/26
 16211 | D:11     | Learned a level 3 spell: Dazzling Flash
 16265 | D:12     | Found a gate leading to a gauntlet.
 16286 | Gauntlet | Entered a Gauntlet
 16286 | Gauntlet | Found a transporter.
 16450 | Gauntlet | Found a transporter.
 16461 | Gauntlet | Found a transporter.
 16464 | Gauntlet | Found a transporter.
 16473 | Gauntlet | Found a runed translucent gate.
 16473 | Gauntlet | Found a runed translucent gate.
 16473 | Gauntlet | Found a runed translucent gate.
 16475 | Gauntlet | Found the +3 pair of gauntlets of War {Slay+5}
 16477 | Gauntlet | Found a transporter.
 16493 | Gauntlet | Found a transporter.
 16518 | Gauntlet | Noticed a stone giant
 16520 | Gauntlet | Found a transporter.
 16524 | Gauntlet | Found a transporter.
 16524 | Gauntlet | Found a transporter.
 16528 | Gauntlet | a stone giant changed into an alligator snapping turtle
 16534 | Gauntlet | Noticed an eleionoma
 16534 | Gauntlet | an iron troll changed into an eleionoma
 16535 | Gauntlet | Found a transporter.
 16536 | Gauntlet | an eleionoma changed into an iron troll
 16537 | Gauntlet | Noticed an iron giant
 16537 | Gauntlet | an iron troll changed into an iron giant
 16539 | Gauntlet | Noticed a shadow dragon
 16539 | Gauntlet | an iron giant changed into a shadow dragon
 16546 | Gauntlet | Noticed a golden dragon
 16546 | Gauntlet | a shadow dragon changed into a golden dragon
 16548 | Gauntlet | Noticed an iron giant
 16548 | Gauntlet | a golden dragon changed into an iron giant
 16551 | Gauntlet | Noticed an iron dragon
 16551 | Gauntlet | an iron giant changed into an iron dragon
 16553 | Gauntlet | Noticed an acid blob
 16553 | Gauntlet | an iron dragon changed into an acid blob
 16554 | Gauntlet | Noticed an iron giant
 16554 | Gauntlet | an acid blob changed into an iron giant
 16555 | Gauntlet | Found a transporter.
 16555 | Gauntlet | Noticed a golden dragon
 16555 | Gauntlet | an iron giant changed into a golden dragon
 16557 | Gauntlet | Noticed a shadow dragon
 16557 | Gauntlet | a golden dragon changed into a shadow dragon
 16572 | Gauntlet | Found a transporter.
 16572 | Gauntlet | Found a transporter.
 16597 | Gauntlet | Found a transporter.
 16962 | Gauntlet | Noticed a minotaur
 16986 | Gauntlet | Killed a minotaur
 17126 | D:12     | Reached skill level 10 in Necromancy
 17215 | D:12     | Found Rocw's Antique Armour Shop.
 17350 | D:11     | Reached ****** piety under Kikubaaqudgha
 17510 | D:12     | Bought a spiked kite shield for 313 gold pieces
 17510 | D:12     | Identified the +0 kite shield "Siocoju" {Will- MP+9 SInv}
                  | (You bought it in a shop on level 12 of the Dungeon)
 17605 | D:12     | Identified the +10 mace of Forced Transition {vorpal, rElec
                  | Str+4 Int+4}
 17799 | D:12     | Reached skill level 10 in Spellcasting
 18091 | D:12     | Noticed a stone giant
 18539 | Lair:1   | Entered Level 1 of the Lair of Beasts
 18838 | Lair:1   | Noticed Gastronok
 18856 | Lair:1   | Killed Gastronok
 18857 | Lair:1   | Reached XP level 14. HP: 86/106 MP: 28/28
 18941 | Lair:1   | Reached skill level 10 in Dodging
 19473 | Lair:1   | Learned a level 5 spell: Borgnjor's Vile Clutch
 19479 | Lair:1   | Learned a level 5 spell: Agony
 19485 | Lair:1   | Learned a level 5 spell: Fireball
 19953 | Lair:2   | Found a hole to the Spider Nest.
 20572 | Lair:3   | Identified the +3 robe of Agurgh {Int-3 Slay+3 Stlth+}
 20807 | Lair:3   | Found a runed translucent door.
 20814 | Lair:3   | Noticed robertstho's ghost (journeyman HaHu)
 20835 | Lair:3   | Killed robertstho's ghost
 20836 | Lair:3   | Reached skill level 10 in Stealth
 21880 | Lair:4   | Reached skill level 10 in Invocations
 22087 | Lair:4   | Found a staircase to the Shoals.
 22307 | Lair:4   | Noticed Snorg
 22320 | Lair:4   | Killed Snorg
 23593 | Lair:6   | Entered Level 6 of the Lair of Beasts
 23899 | Lair:6   | Reached XP level 15. HP: 109/115 MP: 29/29
 23918 | Lair:6   | Found a staircase to the Slime Pits.
 25200 | Orc:2    | Bought a thin paperback book for 420 gold pieces
 25200 | Orc:2    | Bought a scroll of enchant armour for 210 gold pieces
 25200 | Orc:2    | Bought a scroll of enchant weapon for 210 gold pieces
 25202 | Orc:2    | Bought a scroll of teleportation for 48 gold pieces
 25202 | Orc:2    | Bought a potion of haste for 160 gold pieces
 25202 | Orc:2    | Bought a potion of curing for 48 gold pieces
 25202 | Orc:2    | Bought a scroll of enchant armour for 120 gold pieces
 25301 | D:8      | Bought a scroll of teleportation for 36 gold pieces
 25301 | D:8      | Bought a scroll of teleportation for 36 gold pieces
 25362 | D:13     | Noticed Sonja
 25380 | D:13     | Reached skill level 10 in Fighting
 25380 | D:13     | Reached skill level 10 in Short Blades
 25380 | D:13     | Reached skill level 10 in Long Blades
 25380 | D:13     | Reached skill level 10 in Axes
 25380 | D:13     | Reached skill level 10 in Maces & Flails
 25380 | D:13     | Reached skill level 10 in Polearms
 25380 | D:13     | Reached skill level 10 in Staves
 25380 | D:13     | Reached skill level 10 in Slings
 25380 | D:13     | Reached skill level 10 in Bows
 25380 | D:13     | Reached skill level 10 in Crossbows
 25380 | D:13     | Reached skill level 10 in Throwing
 25380 | D:13     | Reached skill level 10 in Armour
 25380 | D:13     | Reached skill level 10 in Shields
 25380 | D:13     | Reached skill level 10 in Unarmed Combat
 25380 | D:13     | Reached skill level 10 in Evocations
 25418 | D:13     | Identified the +0 leather armour "Iga Peli" {rElec Will++
                  | Int-2}
 25448 | D:13     | Noticed Erolcha
 25462 | D:13     | Killed Erolcha
 25622 | D:13     | Killed Sonja
 25812 | D:13     | Noticed Kirke
 25850 | D:13     | Killed Kirke
 26260 | D:13     | Found a gate to the Vaults.
 26743 | D:14     | Found Lisil's Jewellery Emporium.
 26767 | D:14     | Noticed Eteoggu's ghost (journeyman FoFi)
 27017 | D:14     | Found a runed translucent gate.
 27017 | D:14     | Found a runed translucent gate.
 27017 | D:14     | Found a runed translucent gate.
 27069 | D:14     | Killed Eteoggu's ghost
 27177 | D:14     | Learned a level 4 spell: Iskenderun's Mystic Blast
 27199 | D:14     | Reached XP level 16. HP: 123/123 MP: 31/31
 27438 | D:15     | Entered Level 15 of the Dungeon
 27679 | D:15     | Found Nairgheeph's Assorted Antiques.
 27720 | D:15     | Found a runed translucent gate.
 27720 | D:15     | Found a runed translucent gate.
 27720 | D:15     | Found an opulent altar of Gozag.
 27720 | D:15     | Found a runed translucent gate.
 27721 | D:15     | Noticed Sekkong's ghost (journeyman MiBe)
 27744 | D:15     | Found a white marble altar of Elyvilon.
 27956 | D:15     | Found a staircase to the Depths.
 28264 | D:15     | Noticed a sphinx
 28288 | D:15     | Killed Sekkong's ghost
 28305 | D:15     | Killed a sphinx
 28646 | Spider:1 | Entered Level 1 of the Spider Nest
 28894 | Spider:1 | Acquired 819 gold pieces
 30761 | Spider:3 | Noticed Arachne
 30895 | Spider:2 | Reached XP level 17. HP: 62/131 MP: 33/33
 31071 | Spider:2 | Killed Arachne
 32345 | Spider:4 | Entered Level 4 of the Spider Nest
 32361 | Spider:4 | Noticed Roxanne
 32448 | Spider:4 | Killed Roxanne
 32834 | Spider:4 | Noticed Aizul
 32861 | Spider:4 | Killed from afar by Aizul

Illustrated notes

Levels and vault maps discovered:
D:1:      dpeg_arrival_arbitrary_c, layout_basic, minmay_fountain_box,
          ebering_dispersal_statue_hall
D:2:      layout_loops_cross, chequers_ecumenical_altar_simple_redux,
          uniq_terence, uniq_robin, uniq_natasha, uniq_sigmund
D:3:      layout_basic, nicolae_ru_path_of_blood, portal_sewer_entry_b
D:4:      layout_basic, kennysheep_mini, minmay_temple_entry_stoned_glass,
          uniq_purgy, uniq_crazy_yiuf_cottage, uniq_duvessa, uniq_edmund
D:5:      layout_basic, uniq_ijyb
D:6:      layout_loops_ring, nzn_hepliaklqana_mist_gate, vehumet_altar_wand_db,
          minmay_liquid_box, minmay_door_square, chequers_serial_rivers_marsh,
          serial_bayou_pond_b, minivault_25
D:7:      layout_rooms, serial_shops, shop, basic_altar,
          cheibrodos_ashenzari_chains
D:8:      layout_loops_ring, david_lair_shrubbed, serial_shops, shop
D:9:      layout_loops_ring, enter_bailey_1, kennysheep_small_square, uniq_pikel
D:10:     layout_irregular_city, serial_shops, shop
D:11:     layout_loops_cross, david_orc_2, serial_glass, glass_columns_a,
          glass_columns_b
D:12:     minmay_diamond_stairs, layout_cave_pools, serial_shops,
          nicolae_shop_competitors_out_of_business, gauntlet_entry_generic,
          portal_ice_cave_entry_ice_beasts, amcnicky_mini_rare_corridor_liquid
D:13:     layout_long_grid, erik_vaults_2, kennysheep_another_room, uniq_kirke,
          uniq_sonja, uniq_erolcha
D:14:     layout_roguey, serial_shops, shop_fountains,
          maelrawn_ghost_gauntlet_escape, minmay_hedge_maze
D:15:     gammafunk_depths_entry_grave, layout_rooms, serial_shops,
          nicolae_shop_overgrown_old_shop, elyvilon_altar_1, ebering_ghost_gozag
Temple:   dpeg_five_rooms_temple
Lair:1:   layout_loops_ring, serial_bayou_shore_b, uniq_gastronok
Lair:2:   layout_hall_layers, spider_nest_entry_rubble
Lair:3:   layout_layer_cave, ebering_ghost_reflecting_pool
Lair:4:   layout_regular_city, elwin_shoals_entry_rooms, eino_house_with_fridge,
          uniq_snorg
Lair:5:   layout_gridlike
Lair:6:   due_jungle_book, layout_gridlike, slime_dummy, grunt_megastairs_1
Spider:1: layout_spider_delve
Spider:2: layout_spider_delve, guppyfry_spider_mini_2
Spider:3: layout_spider_delve, zaba_anthell, uniq_arachne
Spider:4: grunt_spider_rune_circles, uniq_roxanne, uniq_aizul
Orc:1:    layout_caves, amcnicky_altar_gilded
Orc:2:    st_orc_mages, layout_caves, nicolae_volcano_entry_batcave

Skill      XL: |  1  2  3  4  5  6  7  8  9 10 11 12 13 14 15 16 17 |
---------------+----------------------------------------------------+-----
Fighting       | 1 2 3 4 5 6 7 8 9 10 11 | 11.5
Short Blades   | 1 2 3 4 5 6 7 8 9 10 11 | 11.5
Long Blades    | 1 2 3 4 5 6 7 8 9 10 11 | 11.5
Axes           | 1 2 3 4 5 6 7 8 9 10 11 | 11.5
Maces & Flails | 1 2 3 4 5 6 7 8 9 10 11 | 11.5
Polearms       | 1 2 3 4 5 6 7 8 9 10 11 | 11.5
Staves         | 1 2 3 4 5 6 7 8 9 10 11 | 11.5
Slings         | 1 2 3 4 5 6 7 8 9 10 11 | 11.5
Bows           | 1 2 3 4 5 6 7 8 9 10 11 | 11.5
Crossbows      | 1 2 3 4 5 6 7 8 9 10 11 | 11.5
Throwing       | 1 2 3 4 5 6 7 8 9 10 11 | 11.5
Armour         | 1 2 3 4 5 6 7 8 9 10 11 | 11.5
Shields        | 1 2 3 4 5 6 7 8 9 10 11 | 11.5
Unarmed Combat | 1 2 3 4 5 6 7 8 9 10 11 | 11.5
Spellcasting   | 5 6 7 8 9 10 11 12 | 12.4
Conjurations   | 1 2 3 4 5 6 7 8 9 |  9.8
Hexes          | 1 2 3 4 5 6 7 8 9 |  9.8
Summonings     | 1 2 3 4 5 6 7 8 9 |  9.8
Translocations | 1 2 3 4 5 6 7 8 9 |  9.8
Transmutations | 1 2 3 4 5 6 7 8 9 |  9.8
Fire Magic     | 1 2 3 4 5 6 7 8 9 |  9.8
Ice Magic      | 1 2 3 4 5 6 7 8 9 |  9.8
Air Magic      | 1 2 3 4 5 6 7 8 9 |  9.8
Earth Magic    | 1 2 3 4 5 6 7 8 9 |  9.8
Poison Magic   | 1 2 3 4 5 6 7 8 9 |  9.8
Invocations    | 1 2 3 4 5 6 7 8 9 10 11 12 | 12.4
Evocations     | 1 2 3 4 5 6 7 8 9 10 11 | 11.5
Dodging        | 5 6 7 8 9 10 11 12 | 12.3
Stealth        | 5 6 7 8 9 10 11 12 | 12.2
Necromancy     | 8 9 10 11 | 11.9

Action                   |  1- 3 |  4- 6 |  7- 9 | 10-12 | 13-15 | 16-18 || total
-------------------------+-------+-------+-------+-------+-------+-------++-------
Melee: Dagger            |       |    64 |    14 |       |       |       ||    78
       Bite              |       |     9 |    23 |    77 |   118 |    82 ||   309
       Quarterstaff      |       |       |   117 |       |       |       ||   117
       War axe           |       |       |    32 |   553 |   149 |       ||   734
       Mace              |       |       |       |       |   663 |   552 ||  1215
Throw: Javelin           |       |       |       |     3 |     4 |     3 ||    10
       Dart              |       |       |       |       |       |     8 ||     8
 Cast: Pain              |    29 |    88 |   170 |    48 |    79 |    47 ||   461
       Vampiric Draining |       |     4 |    37 |    62 |   112 |    70 ||   285
       Animate Dead      |       |     1 |     3 |    10 |    25 |    20 ||    59
       Dispel Undead     |       |       |       |       |     7 |    19 ||    26
       Fireball          |       |       |       |       |    11 |    12 ||    23
       Borgnjor's Vile C |       |       |       |       |     1 |     1 ||     2
       Iskenderun's Myst |       |       |       |       |       |    34 ||    34
Invok: Receive Corpses   |       |       |       |       |     3 |       ||     3
Evoke: Wand              |       |       |       |     1 |       |       ||     1
       Phantom mirror    |       |       |       |       |     1 |     2 ||     3
       Box of beasts     |       |       |       |       |       |     1 ||     1
  Use: Scroll            |       |     1 |    12 |    14 |    14 |     2 ||    43
       Potion            |       |       |     2 |     5 |       |     5 ||    12
 Stab: Sleeping          |       |     1 |     7 |    36 |    43 |    10 ||    97
       Paralysed         |       |       |     3 |       |       |       ||     3
       Distracted        |       |       |       |     2 |     5 |    10 ||    17
       Held in net/web   |       |       |       |       |       |     5 ||     5
Armor: Robe              |     1 |     8 |     2 |       |       |       ||    11
       Troll leather arm |       |       |    96 |   114 |   256 |   334 ||   800
Dodge: Dodged            |       |    47 |   292 |   510 |   834 |   746 ||  2429
Block: Buckler           |       |    21 |    18 |   189 |   337 |   294 ||   859

Table legend: (Time is in decaauts)
 A = Elapsed time spent in this place.
 B = Non-inter-level travel time spent in this place.
 C = Inter-level travel time spent in this place.
 D = Time resting spent in this place.
 E = Time spent auto-exploring this place.
 F = Levels seen in this place.
 G = Mean time per level.
                   A        B        C        D        E       F      G
               +--------+--------+--------+--------+--------+-----+--------+
         Total |  33048 |  30849 |   2199 |   3315 |  20148 |  32 | 1032.8 |
       Dungeon |  17227 |  15867 |   1360 |   1354 |  11022 |  15 | 1148.5 |
        Temple |    274 |    214 |     60 |      0 |    207 |   1 |  274.0 |
          Lair |   6756 |   6195 |    561 |    228 |   4772 |   6 | 1126.0 |
   Spider Nest |   4050 |   3960 |     90 |    865 |   2072 |   4 | 1012.5 |
  Orcish Mines |   2074 |   1946 |    128 |    389 |    775 |   2 | 1037.0 |
         Sewer |    684 |    684 |      0 |      0 |    563 |   1 |  684.0 |
        Bailey |    890 |    890 |      0 |    104 |    499 |   1 |  890.0 |
       Volcano |    256 |    256 |      0 |     66 |     54 |   1 |  256.0 |
      Gauntlet |    834 |    834 |      0 |    308 |    182 |   1 |  834.0 |
               +--------+--------+--------+--------+--------+-----+--------+

Top non-repeatable levels by time:
Spider:2: 1787 daAuts
     D:2: 1703 daAuts
     D:4: 1678 daAuts
  Lair:6: 1383 daAuts
   Orc:2: 1327 daAuts
     D:3: 1288 daAuts
  Lair:3: 1287 daAuts
    D:11: 1283 daAuts
    D:12: 1239 daAuts
     D:6: 1214 daAuts
     D:5: 1184 daAuts
    D:13: 1177 daAuts
     D:8: 1148 daAuts
  Lair:4: 1144 daAuts
  Lair:2: 1123 daAuts
